 Dungeon Crawl Stone Soup version 0.30.1-11-g7821555f0a (webtiles) character file.

Game seed: 9299928583694316144

116 Peloso the Covered (level 4, -1/40 HPs)
             Began as a Minotaur Fighter on Nov 11, 2023.
             Succumbed to an orc wizard's poison
             ... on level 3 of the Dungeon.
             The game lasted 00:03:52 (1868 turns).

Peloso the Covered (Minotaur Fighter)               Turns: 1868, Time: 00:03:52

Health: -1/40      AC:  7    Str: 20    XL:     4   Next: 69%
Magic:  3/3        EV:  9    Int:  5    God:
Gold:   174        SH:  5    Dex: 12    Spells: 3/3 levels left

rFire   . . .        a - +0 long sword
rCold   . . .        c - +0 buckler
rNeg    . . .        b - +0 scale mail
rPois   .            (helmet restricted)
rElec   .            (no cloak)
rCorr   .            (no gloves)
SInv    .            (no boots)
Will    .....        (no amulet) Stlth
                     (no ring)
HPRegen 0.26/turn    (no ring)
MPRegen 0.08/turn

%: no passive effects
@: lethally poisoned (-1 -> -27)
A: horns 2, retaliatory headbutt
a: no special abilities


You were on level 3 of the Dungeon.
You visited 1 branch of the dungeon, and saw 3 of its levels.

You collected 174 gold pieces.

Inventory:

Hand Weapons
 a - a +0 long sword (weapon)
Armour
 b - a +0 scale mail (worn)
 c - a +0 buckler (worn)
Jewellery
 n - an amulet of guardian spirit
Scrolls
 f - a scroll of identify
 h - 3 scrolls of fog
 j - a scroll of poison
 k - a scroll of amnesia
 l - a scroll of magic mapping {unknown}
 m - a scroll of blinking {unknown}
 o - a scroll of immolation {unknown}
Potions
 d - 2 potions of might
 e - 2 potions of curing
 g - a potion of invisibility
 i - 3 potions of ambrosia


   Skills:
 + Level 4.1 Fighting
 + Level 4.3 Long Blades
 + Level 4.5 Armour
 + Level 0.6 Dodging
 + Level 0.1 Stealth
 + Level 4.1 Shields


You had 3 spell levels left.
You didn't know any spells.
Your spell library contained the following spells:

 Spells                   Type           Power      Damage    Failure   Level
 Kiss of Death            Conj/Necr      0%         2d5       87%         1
 Confusing Touch          Hex            0%         N/A       99%         3
 Dispel Undead            Necr           0%         3d6       100%        4


Dungeon Overview and Level Annotations

Branches:
Dungeon (3/15)

Altars:
Fedhas

Portals:
Sewer: D:3


Innate Abilities, Weirdness & Mutations

You have a pair of horns on your head.
You reflexively headbutt those who attack you in melee.


Message History

You see here a giant cockroach corpse.
The ball python bites you but does no damage.
You block the ball python's attack.
The ball python attacks as you move away!
The ball python bites you.
You hit the ball python.
The ball python is heavily wounded.
You block the ball python's attack. The ball python barely misses you.
You slash the ball python!
You kill the ball python!
You closely miss something. You block something's attack.
You barely miss something. Something hits you.
You are poisoned.
The orc wizard mumbles some strange words.
The orc wizard flickers and vanishes!
You barely miss something.
You feel very sick. Something hits you but does no damage.
You are more poisoned.
Something hits you.
You are more poisoned.
You hit something.
You feel very sick. Something hits you.
You are lethally poisoned!
You barely miss something.
You feel very sick. Something hits you.
You are more poisoned.
You barely miss something. Your headbutt misses something.
* * * LOW HITPOINT WARNING * * *
You feel extremely sick. Something completely misses you.
You closely miss something.
* * * LOW HITPOINT WARNING * * *
You feel very sick. Something hits you but does no damage.
You are more poisoned.
You miss something.
You die...

o..##...#<.#
#...
#So....##.#
#...
#~~o......#
#...
#~~~{....{#
#...
#~~~~.###{#
#### #∩~~~~
#o# ######
#S# #{# #@#
#.# #.# #.#
#.# #.# #.#
..#


You could see an adder and an orc.

Vanquished Creatures
  Jessica (D:2)
  Robin (D:2)
  An adder (D:2)
  A worm (D:2)
  A dart slug (D:2)
  6 endoplasms
  6 giant cockroaches
  3 hobgoblins
  3 quokkas (D:1)
  10 ball pythons
  4 bats
  16 goblins
  3 kobolds (D:1)
  4 rats
60 creatures vanquished.

Notes
Turn   | Place    | Note
-------+----------+-------------------------------------------
     0 | D:1      | Peloso the Minotaur Fighter began the quest for the Orb.
     0 | D:1      | Reached XP level 1. HP: 19/19 MP: 0/0
   248 | D:1      | Reached XP level 2. HP: 26/27 MP: 1/1
   876 | D:2      | Reached XP level 3. HP: 17/33 MP: 2/2
  1106 | D:2      | Found a blossoming altar of Fedhas.
  1255 | D:2      | Noticed Robin
  1276 | D:2      | Killed Robin
  1277 | D:2      | Reached XP level 4. HP: 16/40 MP: 3/3
  1403 | D:2      | Noticed Jessica
  1408 | D:2      | Killed Jessica
  1845 | D:3      | Found a glowing drain.
  1868 | D:3      | Succumbed to an orc wizard's poison

Illustrated notes

Levels and vault maps discovered:
D:1:      minmay_arrival_split_and_join, layout_loops_ring
D:2:      layout_rooms, basic_altar, minmay_tall_x, uniq_jessica, uniq_robin
D:3:      layout_basic, portal_sewer_entry_b

Skill      XL: |  1  2  3  4 |
---------------+-------------+-----
Shields        | 4 |  4.1
Armour         | 4 |  4.5
Long Blades    | 4 |  4.3
Fighting       | 4 |  4.1
Dodging        | |  0.6
Stealth        | |  0.1

Action                     |  1- 3 |  4- 6 || total
---------------------------+-------+-------++-------
  Melee: Long sword        |   121 |    39 ||   160
         Headbutt          |    13 |     5 ||    18
    Use: Potion            |     2 |       ||     2
         Scroll            |     2 |     4 ||     6
 Armour: Scale mail        |    76 |    17 ||    93
  Dodge: Dodged            |    61 |    13 ||    74
  Block: Buckler           |    24 |    10 ||    34
